[Event "ICC Open 2015"]
[Site "Internet Chess Club"]
[Date "2015.05.29"]
[Round "8"]
[White "RedCard"]
[Black "Babaliyev"]
[Result "0-1"]
[ICCResult "White forfeits on time"]
[WhiteElo "2185"]
[BlackElo "1985"]
[Opening "Old Benoni defense"]
[ECO "A43"]
[NIC "OI.09"]
[Time "15:28:15"]
[TimeControl "180+0"]

1. d4 c5 2. c4 cxd4 3. Qxd4 Nc6 4. Qd1 e5 5. Nc3 Nf6 6. e3 Bb4 7. Nf3 e4 8.
Nd4 Nxd4 9. Qxd4 O-O 10. Be2 d5 11. O-O Bxc3 12. Qxc3 dxc4 13. Bxc4 Bg4 14.
b3 Rc8 15. Ba3 b5 16. Bxf8 Qxf8 17. Bxf7+ Kxf7 18. Qa5 Qc5 19. h3 Be2 20.
Rfc1 Qxc1+ 21. Rxc1 Rxc1+ 22. Kh2 Bd3 23. Qxa7+ Kg6 24. a4 bxa4 25. bxa4 Rc2
26. a5 Rxf2 27. Qc7 Ra2 28. Qg3+ Kf7 29. Qf4 h6 30. h4 h5 31. Kg3 Kg6 32.
Qg5+ Kf7 33. Qe5 Kg6 34. Qg5+ Kf7 35. Kf4 Rf2+ 36. Kg3 Ra2 37. Qf4 Kg6 38.
Qe5 Bf1 39. Qe6 Rxa5 40. Kf2 Rf5+ 41. Kg1 Bd3 42. Kh2 Rf2 43. Kg3 Rf1 44.
Qe5 Rf5 45. Qe6 Rf1 46. Qe7 Re1 47. Kf4 Rf1+ 48. Kg3 Re1 49. Kf4 Nd5+ 50.
Kg3 Rxe3+ 51. Kf2 Re2+ 52. Kg3 Nxe7 53. Kh3 Nf5 54. g4 Re3+ 55. Kg2 hxg4 56.
h5+ Kxh5 57. Kf2 Rf3+ 58. Kg2 e3 59. Kh2 e2 60. Kg2 e1=Q
{White forfeits on time}
0-1

[Event "ICC Open 2015"]
[Site "Internet Chess Club"]
[Date "2015.05.29"]
[Round "8"]
[White "capatal1"]
[Black "smoothg"]
[Result "0-1"]
[ICCResult "White forfeits on time"]
[WhiteElo "1471"]
[BlackElo "1756"]
[Opening "Modern defense"]
[ECO "A40"]
[NIC "QO.17"]
[Time "15:27:52"]
[TimeControl "180+0"]

1. d4 g6 2. Nf3 Bg7 3. Bg5 c5 4. e3 cxd4 5. exd4 Nf6 6. Bd3 Nc6 7. c3 d5 8.
O-O Bg4 9. Nbd2 O-O 10. h3 Be6 11. Re1 Qc8 12. Rc1 a6 13. Ne5 Re8 14. Nxc6
bxc6 15. Nf3 Bxh3 16. gxh3 Qxh3 17. Ne5 h6 18. Bxf6 exf6 19. Qf3 Qh4 20. Ng4
h5 21. Nh2 f5 22. Qg3 Qf6 23. Nf3 Re4 24. Bxe4 dxe4 25. Ne5 Qd6 26. Kg2 Rf8
27. Rcd1 Kh7 28. Nc4 Qe7 29. Ne5 Bxe5 30. Qxe5 Qxe5 31. dxe5 Re8 32. Rd6
Rxe5 33. Rxc6 a5 34. b3 f4 35. Rc4 e3 36. fxe3 fxe3 37. Re2 Rg5+ 38. Kf3
Rf5+ 39. Kxe3 Kg7 40. Rf2 Rg5 41. Rff4 f5 42. Rc5 Rg3+ 43. Kf2 Rh3 44. Rxa5
Rxc3 45. Ra7+ Kh6 46. Rb4 Kg5 47. Rb6 Rc2+ 48. Ke3 Rc1 49. Raa6 Rg1
{White forfeits on time}
0-1

[Event "ICC Open 2015"]
[Site "Internet Chess Club"]
[Date "2015.05.29"]
[Round "8"]
[White "asithink"]
[Black "Yule"]
[Result "0-1"]
[ICCResult "White forfeits on time"]
[WhiteElo "2136"]
[BlackElo "2623"]
[Opening "QGD semi-Slav"]
[ECO "D43"]
[NIC "SL.03"]
[Time "15:28:38"]
[TimeControl "180+0"]

1. Nf3 d5 2. d4 Nf6 3. c4 c6 4. Nc3 e6 5. g3 dxc4 6. a4 Nbd7 7. Bg2 Be7 8.
O-O O-O 9. e4 e5 10. dxe5 Ng4 11. Bf4 Qa5 12. Qd4 Re8 13. e6 fxe6 14. h3 Bf6
15. e5 Ngxe5 16. Bxe5 Nxe5 17. Nxe5 Bxe5 18. Qxc4 Bf6 19. Rfe1 Kh8 20. Rad1
e5 21. Ne4 Be6 22. Qc3 Qxc3 23. bxc3 Rad8 24. Nc5 Bc8 25. a5 Rxd1 26. Rxd1
Rd8 27. Re1 Rd2 28. f4 h6 29. fxe5 Be7 30. Ne4 Ra2 31. Rf1 Be6 32. Nd6 Rxa5
33. Nxb7 Rxe5 34. Nd8 Bxd8 35. Rf8+ Kh7 36. Rxd8 Bd5 37. Bf1 Re1 38. Kf2 Rd1
{White forfeits on time}
0-1

[Event "ICC Open 2015"]
[Site "Internet Chess Club"]
[Date "2015.05.29"]
[Round "8"]
[White "editm"]
[Black "xionoula"]
[Result "0-1"]
[ICCResult "White forfeits on time"]
[WhiteElo "1895"]
[BlackElo "2206"]
[Opening "QGD Slav defense"]
[ECO "D10"]
[NIC "SL.01"]
[Time "15:28:16"]
[TimeControl "180+0"]

1. d4 d5 2. c4 c6 3. Nc3 Nf6 4. e3 a6 5. Nf3 b5 6. b3 Bg4 7. Be2 e6 8. O-O
Nbd7 9. Qc2 Rc8 10. Ne5 Bxe2 11. Qxe2 Nxe5 12. dxe5 Nd7 13. f4 g6 14. e4
Qb6+ 15. Kh1 d4 16. Nd1 c5 17. Nb2 Bg7 18. Nd3 O-O 19. Qc2 f6 20. exf6 Nxf6
21. e5 Ne4 22. Re1 Nc3 23. Bd2 b4 24. Nf2 a5 25. Qd3 Rc7 26. Qg3 Rcf7 27. a4
Qb7 28. Qg4 Qd7 29. Qg3 Bh6 30. Ng4 Bg7 31. Qh4 Qe7 32. Nh6+ Bxh6 33. Qxh6
Rf5 34. Rf1 Ne4 35. Rad1 Qf7 36. Bc1 Rxe5 37. Qh4 Rf5 38. Qe1 Nc3 39. Rd2
Qf6 40. Rdf2 Rf7 41. g4 Qd8 42. gxf5 Qa8+ 43. Kg1 gxf5 44. Rf3 Rg7+ 45. Kf2
Rg2+ 46. Kxg2 Ne4 {White forfeits on time} 0-1

[Event "ICC Open 2015"]
[Site "Internet Chess Club"]
[Date "2015.05.29"]
[Round "8"]
[White "jensak"]
[Black "LLEonidSTEin"]
[Result "0-1"]
[ICCResult "White forfeits on time"]
[WhiteElo "1614"]
[BlackElo "1854"]
[Opening "Caro-Kann: exchange variation"]
[ECO "B13"]
[NIC "CK.02"]
[Time "15:28:42"]
[TimeControl "180+0"]

1. e4 c6 2. d4 d5 3. exd5 cxd5 4. Bd3 Nf6 5. c3 g6 6. Ne2 Bg7 7. O-O O-O 8.
Ng3 Nc6 9. Re1 Bg4 10. f3 Bd7 11. Bf4 Re8 12. Nd2 Rc8 13. Rc1 Qb6 14. Rb1
Qa5 15. a3 a6 16. Nb3 Qb6 17. Nc5 e6 18. Bg5 Qc7 19. Ne2 h6 20. Bf4 Qb6 21.
Be5 Red8 22. Nxd7 Nxd7 23. Bxg7 Kxg7 24. Kh1 Re8 25. Nf4 Rcd8 26. Qe2 Nf6
27. Rbd1 e5 28. dxe5 Rxe5 29. Qc2 Rde8 30. Rxe5 Nxe5 31. Rf1 g5 32. Ne2 Nxd3
33. Qxd3 Qxb2 34. Ng3 h5 35. Qf5 Qxc3 36. Qxg5+ Kf8 37. Qh6+ Ke7 38. Nf5+
Kd7 39. Qf4 Re6 40. h4 Qe5 41. Qg5 Qe2 42. Rc1 Qe5 43. Rd1 Qe2 44. Rxd5+
Nxd5 {White forfeits on time} 0-1

[Event "ICC Open 2015"]
[Site "Internet Chess Club"]
[Date "2015.05.29"]
[Round "8"]
[White "Platyborg"]
[Black "Jack-Daniels"]
[Result "1/2-1/2"]
[ICCResult "Game drawn by mutual agreement"]
[WhiteElo "3082"]
[BlackElo "2876"]
[Opening "Sicilian: Taimanov variation"]
[ECO "B48"]
[NIC "SI.40"]
[Time "15:28:43"]
[TimeControl "180+0"]

1. e4 c5 2. Nf3 e6 3. d4 cxd4 4. Nxd4 Nc6 5. Nc3 Qc7 6. Be3 a6 7. Qd2 Nf6 8.
f4 Bb4 9. Bd3 Na5 10. a3 Bxc3 11. Qxc3 Qxc3+ 12. bxc3 d5 13. exd5 Nxd5 14.
Bd2 b5 15. a4 bxa4 16. c4 Nxc4 17. Bxc4 Bb7 18. Bxd5 Bxd5 19. Kf2 O-O 20.
Rxa4 Rfc8 21. Rha1 Bc4 22. Rb4 h6 23. Rb7 Bd5 24. Rb6 Bc4 25. c3 a5 26. Nc6
Kh7 27. Rxa5 Rxa5 28. Nxa5 Bd5 29. Nb3 Ra8 30. Be3 Ra2+ 31. Nd2 Rc2 32. c4
Bxc4 33. Rc6 Bd3 34. Rxc2 Bxc2 35. Nf3 Be4 36. Bd4 f6 37. Ke3 Bd5 38. g3 Kg6
39. Bb2 Kf7 40. Nd4 g5 41. Ne2 Kg6 42. Bd4 Kf5 43. Bb2 Kg4 44. Kf2 Kf5 45.
Nd4+ Kg6 46. Ke3 Bc4 47. Nc6 Kf7 48. h4 gxh4 49. gxh4 Bd5 50. Nb4 Bb3 51.
Nc6 Bd5 52. Nd4 Kg6 53. f5+ exf5 54. Kf4 Be4 55. Ne6 Bb1 56. Nf8+ Kf7 57.
Nd7 Kg6 58. Nxf6 Bc2 59. Nd5 Bb1 60. Ne3 Be4 61. Ba3 Bd3 62. Be7 Be4 63. Bd8
Bd3 64. Nc4 Bxc4 65. Ke5 Bd3 {Game drawn by mutual agreement} 1/2-1/2

[Event "ICC Open 2015"]
[Site "Internet Chess Club"]
[Date "2015.05.29"]
[Round "8"]
[White "maly"]
[Black "ShcherbinMatvei"]
[Result "0-1"]
[ICCResult "White forfeits on time"]
[WhiteElo "2657"]
[BlackElo "2585"]
[Opening "Grünfeld: modern exchange variation"]
[ECO "D85"]
[NIC "GI.04"]
[Time "15:27:48"]
[TimeControl "180+0"]

1. d4 Nf6 2. c4 g6 3. Nc3 d5 4. cxd5 Nxd5 5. e4 Nxc3 6. bxc3 Bg7 7. Nf3 c5
8. Be3 Nc6 9. Qd2 Qa5 10. Rc1 cxd4 11. cxd4 Qxd2+ 12. Kxd2 O-O 13. d5 Rd8
14. Ke1 Na5 15. Bg5 Bd7 16. Bd3 f5 17. Ke2 fxe4 18. Bxe4 Bb5+ 19. Ke3 Nc4+
20. Kf4 Rf8+ 21. Kg3 Nd6 22. Rhe1 Bf6 23. Bh6 Rfd8 24. Bb1 Bc4 25. Rcd1 Rac8
26. h4 Rc5 27. h5 gxh5 28. Ng5 Rxd5 29. Bxh7+ Kh8 30. Rxd5 Bxd5 31. Bb1 Rg8
32. Kh4 Nf7 33. f4 Nxh6 34. Kxh5 Nf7 35. Bg6 Nd6 36. Bb1 Bxg5 37. fxg5 Rg7
38. g4 Kg8 39. g6 Kf8 40. Kh6 Rg8 41. Rf1+ Ke8 42. g7 Kd7 43. Bh7 Rc8 44.
Rf8 Bxa2 45. g5 b5 46. Bb1 Be6 47. Bd3 Rc5 48. g6 Ne8 49. g8=Q Bxg8 50. Rxg8
Nf6 51. Rf8 Ng4+ 52. Kg7 Ne5 {White forfeits on time} 0-1

[Event "ICC Open 2015"]
[Site "Internet Chess Club"]
[Date "2015.05.29"]
[Round "8"]
[White "MBAStudent"]
[Black "MichelRocard"]
[Result "1/2-1/2"]
[ICCResult "Game drawn by repetition"]
[WhiteElo "1788"]
[BlackElo "1969"]
[Opening "Scotch gambit: Benima defense"]
[ECO "C44"]
[NIC "SO.06"]
[Time "15:28:43"]
[TimeControl "180+0"]

1. e4 e5 2. Nf3 Nc6 3. d4 exd4 4. Bc4 Be7 5. c3 d3 6. Bxd3 Nf6 7. O-O O-O 8.
e5 Ng4 9. Bf5 Ngxe5 10. Nxe5 Nxe5 11. Bxh7+ Kxh7 12. Qh5+ Kg8 13. Qxe5 d5
14. Re1 Bd6 15. Qh5 Re8 16. Be3 Qf6 17. Nd2 Bf5 18. Nf3 Bg6 19. Qg5 Re4 20.
Qxd5 Rae8 21. Bg5 Qe6 22. Rxe4 Bxe4 23. Qxe6 Rxe6 24. Nd4 Rg6 25. f3 Rxg5
26. fxe4 a6 27. Re1 Bc5 28. Kf2 f5 29. e5 Kf7 30. Kf3 Rh5 31. h3 g5 32. Nxf5
Rh8 33. Kg4 b5 34. Kxg5 Rg8+ 35. Kf4 Rxg2 36. e6+ Ke8 37. h4 Rxb2 38. Kg5
Be7+ 39. Nxe7 Kxe7 40. h5 Rxa2 41. h6 Rg2+ 42. Kh5 a5 43. h7 a4 44. Kh6 Rh2+
45. Kg7 Rg2+ 46. Kh6 Rh2+ 47. Kg6 Rg2+ 48. Kh6 Rh2+ 49. Kg7 Rg2+ 50. Kh6
{Game drawn by repetition}
1/2-1/2

[Event "ICC Open 2015"]
[Site "Internet Chess Club"]
[Date "2015.05.29"]
[Round "8"]
[White "AlexSlizhevsky"]
[Black "bythebook"]
[Result "1-0"]
[ICCResult "Black forfeits on time"]
[WhiteElo "2022"]
[BlackElo "1719"]
[Opening "Caro-Kann: Tartakower (Nimzovich) variation"]
[ECO "B15"]
[NIC "CK.06"]
[Time "15:29:22"]
[TimeControl "180+0"]

1. e4 c6 2. d4 d5 3. Nc3 dxe4 4. Nxe4 Nf6 5. Nxf6+ exf6 6. c3 Bd6 7. Bd3 O-O
8. Qc2 Re8+ 9. Ne2 h6 10. O-O Nd7 11. Bd2 Nf8 12. Rae1 Be6 13. Ng3 Qc7 14.
c4 Rad8 15. Bc3 Bc8 16. Kh1 Bf4 17. Nh5 Bxh2 18. g3 Bg4 19. Nxf6+ gxf6 20.
Kxh2 Bf3 21. Qd2 Kg7 22. Qf4 Qxf4 23. gxf4 Ng6 24. Kg3 Bh5 25. Rh1 Rxe1 26.
Rxe1 {Black forfeits on time} 1-0

[Event "ICC Open 2015"]
[Site "Internet Chess Club"]
[Date "2015.05.29"]
[Round "8"]
[White "BFavre"]
[Black "Sjelan"]
[Result "0-1"]
[ICCResult "White forfeits on time"]
[WhiteElo "1764"]
[BlackElo "2203"]
[Opening "English: Caro-Kann defensive system"]
[ECO "A11"]
[NIC "EO.64"]
[Time "15:28:19"]
[TimeControl "180+0"]

1. c4 c6 2. g3 Nf6 3. Nf3 d5 4. cxd5 cxd5 5. d4 Nc6 6. Bg2 Bf5 7. O-O e6 8.
a3 Bd6 9. Nc3 O-O 10. Bg5 h6 11. Bxf6 Qxf6 12. Re1 Rfd8 13. e4 dxe4 14. Nxe4
Bxe4 15. Rxe4 Bc7 16. Qb3 Bb6 17. Rd1 Nxd4 18. Nxd4 Rxd4 19. Rexd4 Bxd4 20.
Qxb7 Qxf2+ 21. Kh1 Rf8 22. b4 Qb2 23. Qe4 Bf6 24. a4 g6 25. h4 h5 26. Rd7
Qf2 27. Qd3 Be5 28. Kh2 Qf6 29. b5 Qxh4+ 30. Kg1 Bxg3 31. a5 Qb4 32. Qxg3
Qxb5 33. Rd3 Qxa5 34. Rf3 Qa1+ 35. Kh2 Kg7 36. Rf2 Qd4 37. Bf3 h4 38. Qh3
Qf4+ 39. Kg2 Qg3+ 40. Qxg3 hxg3 41. Kxg3 f5 42. Ra2 Rf7 43. Ra6 Re7 44. Bc6
Kf6 45. Ba8 g5 46. Bf3 g4 47. Bxg4 fxg4 48. Kxg4 Ke5 49. Ra5+ Kd4 50. Ra4+
Kc3 51. Ra3+ Kb2 52. Ra6 e5 53. Kf3 e4+ 54. Ke3 Kb3 55. Ra5 Kb4 56. Ra1 a5
57. Rb1+ Kc4 58. Ra1 Kb5 59. Rb1+ Ka6 60. Rd1 Re5 61. Rd6+ Kb5 62. Rd8 a4
63. Rb8+ Ka5 64. Ra8+ Kb4 65. Rb8+ Rb5 {White forfeits on time} 0-1

[Event "ICC Open 2015"]
[Site "Internet Chess Club"]
[Date "2015.05.29"]
[Round "8"]
[White "Doondoon"]
[Black "Fanta"]
[Result "0-1"]
[ICCResult "White forfeits on time"]
[WhiteElo "1694"]
[BlackElo "1936"]
[Opening "Queen's gambit accepted"]
[ECO "D20"]
[NIC "QG.03"]
[Time "15:28:36"]
[TimeControl "180+0"]

1. d4 d5 2. c4 dxc4 3. e3 Nf6 4. Bxc4 c5 5. Nc3 cxd4 6. exd4 e6 7. Nf3 Nc6
8. Be3 Bb4 9. O-O O-O 10. a3 Ba5 11. Rc1 a6 12. Bd3 Ne7 13. Ne4 Nxe4 14.
Bxe4 Ng6 15. Qc2 Rb8 16. Rfd1 b5 17. d5 Qe7 18. d6 Qd8 19. b4 Bb6 20. Bxb6
Qxb6 21. d7 Bb7 22. Bxb7 Qxb7 23. Qc6 Rfd8 24. Qxb7 Rxb7 25. Rc6 Rbxd7 26.
Rxd7 Rxd7 27. Rc8+ Nf8 28. g3 f6 29. Rc6 Rd3 30. Rxa6 Rxf3 31. Kg2 Rd3 32.
Ra5 Rd5 33. Ra7 Nd7 34. Ra8+ Kf7 35. Rh8 h6 36. Rd8 Rd3 37. Ra8 Nb6 38. Rb8
Rd6 39. Rb7+ Kg6 40. Rb8 Kf5 41. Rb7 g5 42. Rb8 h5 43. Rb7 Rc6 44. Rb8 Ke5
45. Rb7 Kd5 46. Rb8 Kc4 47. Rb7 Nd5 48. Ra7 Nc3 49. Rf7 Nd5 50. Ra7 Kb3 51.
Ra8 Rc2 52. Ra7 Ra2 53. Rb7 Rxa3 54. Rxb5 Kc4 55. Rb7 Nxb4 56. Re7 Kd5 57.
Rf7 Ke5 58. Rh7 Nd3 59. Rxh5 Ra2 60. Rh7 Nxf2 61. Kf3 g4+ 62. Ke3 f5
{White forfeits on time}
0-1

[Event "ICC Open 2015"]
[Site "Internet Chess Club"]
[Date "2015.05.29"]
[Round "8"]
[White "triumphant1"]
[Black "Discoverchess"]
[Result "0-1"]
[ICCResult "White checkmated"]
[WhiteElo "2112"]
[BlackElo "2462"]
[Opening "Queen's bishop game"]
[ECO "D02"]
[NIC "QP.06"]
[Time "15:28:46"]
[TimeControl "180+0"]

1. d4 Nf6 2. Nf3 d5 3. Bf4 c5 4. c3 Nc6 5. e3 Qb6 6. Qb3 c4 7. Qxb6 axb6 8.
Na3 e5 9. Nb5 exf4 10. Nc7+ Kd8 11. Nxa8 Nd7 12. b3 b5 13. bxc4 bxc4 14. Rb1
fxe3 15. fxe3 Ba3 16. Kf2 Re8 17. h3 Nf6 18. Nd2 Re7 19. Nb6 Bf5 20. Rb5 Bc1
21. Nxd5 Bxd2 22. Nxe7 Nxe7 23. Rxb7 Ne4+ 24. Ke2 Bxc3 25. Rg1 Ng3+ 26. Kf3
Be4+ 27. Kxg3 Bxb7 28. Bxc4 Nf5+ 29. Kf4 g6 30. g4 Nd6 31. Bd3 Bd2 32. Rg2
g5+ 33. Kg3 Bxg2 34. Kxg2 Bxe3 35. d5 h6 36. Kf3 Bd4 37. a4 Ke7 38. a5 Kf6
39. a6 Ke5 40. Bc2 Kxd5 41. Bb3+ Ke5 42. Kg3 f5 43. gxf5 Nxf5+ 44. Kg4 Ng7
45. h4 Be3 46. hxg5 h5+ 47. Kh4 Bf2+ 48. Kh3 Kf5 49. Kg2 Ba7 50. Kh1 Kxg5
51. Bc4 Nf5 52. Kh2 Kg4 53. Bd3 Bb8+ 54. Kh1 Ng3+ 55. Kg2 h4 56. Kh2 h3 57.
Bb5 Ne4+ 58. Kh1 Kg3 59. Bf1 Nf2+ 60. Kg1 h2# {White checkmated} 0-1

[Event "ICC Open 2015"]
[Site "Internet Chess Club"]
[Date "2015.05.29"]
[Round "8"]
[White "Kiborg95"]
[Black "Sebs"]
[Result "1-0"]
[ICCResult "Black resigns"]
[WhiteElo "2766"]
[BlackElo "2922"]
[Opening "Four knights: symmetrical, Pillsbury variation"]
[ECO "C49"]
[NIC "KP.03"]
[Time "15:29:08"]
[TimeControl "180+0"]

1. e4 e5 2. Nf3 Nc6 3. Nc3 Nf6 4. Bb5 Bb4 5. O-O O-O 6. d3 d6 7. Bg5 Ne7 8.
Nh4 c6 9. Bc4 Be6 10. Bxf6 gxf6 11. Bxe6 fxe6 12. Qg4+ Kh8 13. Qxe6 d5 14.
Ne2 Qc8 15. Qxc8 Raxc8 16. Ng3 Rcd8 17. c3 Bc5 18. Rad1 d4 19. Nhf5 Nxf5 20.
Nxf5 dxc3 21. bxc3 Rd7 22. Rd2 Bb6 23. Rfd1 Re8 24. Kf1 Ba5 25. Rc2 Bb6 26.
f3 Kg8 27. Ke2 Red8 28. Rb2 h5 29. g3 Kf8 30. h4 Kf7 31. d4 Ke6 32. Rbd2
exd4 33. cxd4 Ba5 34. Rc2 Rg8 35. a4 Bb6 36. Ke3 Rh7 37. Rg2 Rd7 38. g4 hxg4
39. Rxg4 Rxg4 40. fxg4 Rd8 41. h5 Rd7 42. h6 Rh7 43. Kf4 Bc7+ 44. Kf3 Kf7
45. d5 Kg6 46. d6 Bd8 47. Rb1 c5 48. Kf4 b6 49. e5 fxe5+ 50. Kxe5 Rf7 51.
Ke6 Rf6+ 52. Kd7 Rf8 53. Rh1 Bf6 54. Ne7+ Kg5 55. h7 c4 56. Nd5 Bh8 57. Ke7
Rb8 58. d7 {Black resigns} 1-0

[Event "ICC Open 2015"]
[Site "Internet Chess Club"]
[Date "2015.05.29"]
[Round "8"]
[White "Danya"]
[Black "Red-white"]
[Result "1-0"]
[ICCResult "Black checkmated"]
[WhiteElo "3087"]
[BlackElo "3254"]
[Opening "Ruy Lopez: closed, Bogolyubov variation"]
[ECO "C91"]
[NIC "RL.20"]
[Time "15:30:09"]
[TimeControl "180+0"]

1. e4 e5 2. Nf3 Nc6 3. Bb5 a6 4. Ba4 Nf6 5. O-O Be7 6. Re1 b5 7. Bb3 O-O 8.
d4 d6 9. c3 Bg4 10. Be3 Bh5 11. Nbd2 Ng4 12. Bd5 Nxe3 13. fxe3 Bxf3 14. Qxf3
Qe8 15. a4 Rb8 16. axb5 axb5 17. Qg3 Nd8 18. Ra7 c6 19. Bb3 Rb7 20. Rea1 Qd7
21. Ra8 Ne6 22. Nf3 Bf6 23. dxe5 dxe5 24. Nxe5 Qc7 25. Nxf7 Qxg3 26. Nh6+
gxh6 27. Bxe6+ Kg7 28. hxg3 Rxa8 29. Rxa8 b4 30. Rg8# {Black checkmated} 1-0

[Event "ICC Open 2015"]
[Site "Internet Chess Club"]
[Date "2015.05.29"]
[Round "8"]
[White "kobayashi"]
[Black "Schurick"]
[Result "0-1"]
[ICCResult "White resigns"]
[WhiteElo "1981"]
[BlackElo "2283"]
[Opening "Sicilian: Cortlever (Alatortsev) variation"]
[ECO "B53"]
[NIC "SI.01"]
[Time "15:28:33"]
[TimeControl "180+0"]

1. e4 c5 2. Nf3 d6 3. d4 Nf6 4. Nc3 cxd4 5. Qxd4 Nc6 6. Bb5 Nd7 7. Bxc6 bxc6
8. e5 Qc7 9. exd6 Qxd6 10. Ne4 Qxd4 11. Nxd4 Bb7 12. Be3 c5 13. Nb5 Bxe4 14.
Nc7+ Kd8 15. Nxa8 Bxa8 16. O-O-O e6 17. f3 Be7 18. Rd3 Kc8 19. Rhd1 Bc6 20.
Ra3 Kb7 21. Ra5 Bd8 22. Ra3 Bb6 23. c4 Nf6 24. Rad3 h6 25. b3 g5 26. b4 cxb4
27. c5 Bc7 28. Rb3 Nd5 29. Bd4 e5 30. Bb2 Ba4 31. Rxd5 Bxb3 32. axb3 Kc6 33.
Rd3 f6 34. Kc2 Rb8 35. Bc1 Rb5 36. Be3 Ra5 37. Kb2 Rb5 38. Rd1 Rb8 39. h4
Rd8 40. Rxd8 Bxd8 41. hxg5 hxg5 42. g4 Be7 43. Kc2 Bxc5 44. Kd3 Bxe3 45.
Kxe3 Kd5 46. Kd3 a5 47. Ke3 e4 48. fxe4+ Ke5 49. Kd3 Kf4 50. Kd4 Kxg4 51.
Kc5 Kf3 52. Kb5 g4 53. Kxa5 g3 54. Kxb4 g2 55. Kc4 g1=Q {White resigns} 0-1

[Event "ICC Open 2015"]
[Site "Internet Chess Club"]
[Date "2015.05.29"]
[Round "8"]
[White "motipen"]
[Black "TallTower"]
[Result "0-1"]
[ICCResult "White forfeits on time"]
[WhiteElo "1902"]
[BlackElo "1737"]
[Opening "Benkö gambit half accepted"]
[ECO "A57"]
[NIC "BI.45"]
[Time "15:28:45"]
[TimeControl "180+0"]

1. d4 Nf6 2. c4 c5 3. d5 b5 4. cxb5 a6 5. b6 d6 6. Nc3 g6 7. e4 Nbd7 8. Nf3
Bg7 9. Nd2 Nxb6 10. a4 a5 11. Bb5+ Bd7 12. O-O O-O 13. Re1 Ne8 14. Qc2 Nc7
15. Bxd7 Qxd7 16. b3 Rfc8 17. Nc4 Nxc4 18. bxc4 Na6 19. Bg5 Nb4 20. Qd2 Rcb8
21. Bh6 Bd4 22. Rab1 Rb7 23. Nb5 Bf6 24. Bg5 Bg7 25. f4 h6 26. Bh4 Re8 27.
e5 dxe5 28. fxe5 Qg4 29. Bg3 Qxc4 30. d6 Rd7 31. Nc7 Red8 32. Qf2 exd6 33.
exd6 Bd4 34. Re3 Nd5 35. Nxd5 Qxd5 36. Qe2 Re8 37. Bf2 Bxe3 38. Bxe3 Qe6 39.
Qb5 Qxe3+ {White forfeits on time} 0-1

[Event "ICC Open 2015"]
[Site "Internet Chess Club"]
[Date "2015.05.29"]
[Round "8"]
[White "IlValentino"]
[Black "mementogambit"]
[Result "1-0"]
[ICCResult "Black resigns"]
[WhiteElo "1439"]
[BlackElo "1565"]
[Opening "Catalan opening"]
[ECO "E00"]
[NIC "CA.01"]
[Time "15:27:35"]
[TimeControl "180+0"]

1. d4 Nf6 2. c4 e6 3. g3 c5 4. d5 exd5 5. cxd5 d6 6. Bg2 g6 7. Nc3 Bg7 8.
Bg5 h6 9. Bd2 O-O 10. Nh3 a6 11. a4 Nbd7 12. O-O Re8 13. Re1 Rb8 14. Nf4 b5
15. axb5 axb5 16. Rc1 b4 17. Na4 Ne5 18. b3 Bd7 19. Nb2 g5 20. Nfd3 Bb5 21.
Nxe5 Rxe5 22. Nc4 Nxd5 23. Nxe5 dxe5 24. e4 Nc3 25. Bxc3 bxc3 26. Rxc3 Qb6
27. Qd5 Rc8 28. Rd1 Bf8 29. Rdc1 Qf6 30. Qd2 c4 31. bxc4 {Black resigns} 1-0

[Event "ICC Open 2015"]
[Site "Internet Chess Club"]
[Date "2015.05.29"]
[Round "8"]
[White "BlackHorse97"]
[Black "Tacticguy"]
[Result "1-0"]
[ICCResult "Black resigns"]
[WhiteElo "2449"]
[BlackElo "1967"]
[Opening "QGD: Tarrasch, Prague variation, Normal position"]
[ECO "D30"]
[NIC "TD.04"]
[Time "15:29:08"]
[TimeControl "180+0"]

1. d4 d5 2. c4 e6 3. Nf3 c5 4. cxd5 exd5 5. g3 Nc6 6. Bg2 Nf6 7. O-O Be7 8.
Nc3 O-O 9. dxc5 Bxc5 10. Bg5 Be6 11. Rc1 Bb6 12. Na4 Bc7 13. Nc5 Rb8 14. Nd4
Re8 15. Ncxe6 fxe6 16. Nxc6 bxc6 17. Rxc6 Rxb2 18. e4 Qd7 19. exd5 Nxd5 20.
Rxe6 Rxe6 21. Bxd5 Re2 22. Be3 Rb2 23. Bc4 Qc6 24. Qc1 Rb7 25. Bxe6+ Qxe6
26. Rd1 Qxa2 27. Qc6 {Black resigns} 1-0

[Event "ICC Open 2015"]
[Site "Internet Chess Club"]
[Date "2015.05.29"]
[Round "8"]
[White "chesswooog"]
[Black "Lucas"]
[Result "0-1"]
[ICCResult "White forfeits on time"]
[WhiteElo "2109"]
[BlackElo "2530"]
[Opening "Sicilian: Smith-Morra gambit"]
[ECO "B21"]
[NIC "SI.48"]
[Time "15:28:49"]
[TimeControl "180+0"]

1. e4 c5 2. d4 cxd4 3. c3 d3 4. Bxd3 Nc6 5. c4 g6 6. Nf3 Bg7 7. O-O d6 8. h3
Nf6 9. Nc3 O-O 10. Be3 h6 11. Qd2 Kh7 12. Rac1 Be6 13. b3 Rc8 14. Rfd1 a6
15. Nd5 Bxd5 16. exd5 Nb8 17. Nh4 Nbd7 18. f4 Nc5 19. Bb1 Nce4 20. Qe1 Nc5
21. f5 g5 22. Nf3 Kg8 23. Bxg5 hxg5 24. Nxg5 Qb6 25. Kh2 Rfe8 26. Qh4 Ncd7
27. Rc3 Ne5 28. Rg3 Qf2 29. Ne4 Nf3+ 30. Kh1 Nxh4 31. Nxf2 Kf8 32. Rd4 Nh5
33. Rxg7 Kxg7 34. Rxh4 Nf6 35. Kh2 Rh8 36. Rxh8 Rxh8 37. g4 b5 38. Bd3 bxc4
39. Bxc4 a5 40. a4 Nd7 41. Nd3 Kf6 42. Kg3 Ne5 43. Nxe5 Kxe5 44. h4 f6 45.
h5 Rg8 46. Kf3 Rh8 {White forfeits on time} 0-1

[Event "ICC Open 2015"]
[Site "Internet Chess Club"]
[Date "2015.05.29"]
[Round "8"]
[White "a-man"]
[Black "karodash"]
[Result "0-1"]
[ICCResult "White forfeits on time"]
[WhiteElo "1463"]
[BlackElo "1575"]
[Opening "Scandinavian defense"]
[ECO "B01"]
[NIC "SD.03"]
[Time "15:28:18"]
[TimeControl "180+0"]

1. e4 d5 2. exd5 Nf6 3. Nc3 Nxd5 4. Bc4 Be6 5. Qf3 c6 6. Nge2 Nd7 7. Nd4 Ne5
8. Qe2 Nxc4 9. Nxd5 Bxd5 10. d3 Nb6 11. c4 Bxg2 12. Rg1 Qxd4 13. Rxg2 O-O-O
14. Qg4+ Qxg4 15. Rxg4 Rxd3 16. Bf4 g6 17. Be5 f6 18. Bc3 e5 19. Ke2 Rd7 20.
c5 Bxc5 21. b4 Be7 22. a4 Nd5 23. Bd2 Rhd8 24. b5 f5 25. Rgg1 Nb6 26. Be3
Nc4 27. Rgc1 Nxe3 28. fxe3 Rd2+ 29. Kf3 e4+ 30. Kf4 Bd6+ 31. Kg5 Rg2+ 32.
Kf6 Kd7 33. bxc6+ bxc6 34. Rd1 Rf8+ {White forfeits on time} 0-1

[Event "ICC Open 2015"]
[Site "Internet Chess Club"]
[Date "2015.05.29"]
[Round "8"]
[White "supermouse"]
[Black "CavacoSilva1939"]
[Result "1-0"]
[ICCResult "Black forfeits on time"]
[WhiteElo "2695"]
[BlackElo "2384"]
[Opening "Réti opening"]
[ECO "A06"]
[NIC "QP.09"]
[Time "15:28:18"]
[TimeControl "180+0"]

1. Nf3 d5 2. e3 Nc6 3. c4 d4 4. exd4 Nxd4 5. Nxd4 Qxd4 6. Nc3 Nf6 7. d3 Ng4
8. Qf3 e5 9. h3 Bb4 10. Bd2 Nf6 11. a3 Bc5 12. b4 Be7 13. Rc1 O-O 14. Be2 a5
15. Be3 Qd8 16. c5 Be6 17. Qxb7 Rb8 18. Qa7 Nd5 19. Qxa5 Nxe3 20. fxe3 Ra8
21. Qb5 Bg5 22. Nd1 Bh4+ 23. Kd2 Rxa3 24. c6 Qg5 25. Bf3 Rd8 26. Rc3 Ra1 27.
Rc2 Bb3 28. Rb2 e4 29. Qxg5 Bxg5 30. Bxe4 Bxd1 31. Rxd1 Bxe3+ 32. Kxe3 Rxd1
33. b5 Re1+ 34. Kf2 Rc1 35. b6 cxb6 36. Rxb6 g6 37. g4 Rc8 38. g5 Rc2+ 39.
Ke3 Rc1 40. h4 Re1+ 41. Kd4 Rb1 42. Bd5 Rb4+ 43. Kc5 Ra4 44. Rb7 Ra5+ 45.
Kd6 Ra4 46. Rd7 Ra7 47. Bxf7+ Kf8 48. Rxa7 Rd8+ 49. Rd7 Rb8 50. Bd5 Rb5 51.
Rf7+ Ke8 52. Rxh7 Rxd5+ 53. Kxd5 {Black forfeits on time} 1-0